 Dungeon Crawl Stone Soup version 0.30.0-29-ga12c61a403 (webtiles) character file.

Game seed: 5618636094367030374

48619 Peloso the Fencer (level 14, -19/132 HPs)
             Began as a Minotaur Fighter on June 22, 2023.
             Was a High Priest of Okawaru.
             Demolished by an orc warlord
             ... wielding a +0 broad axe
              (26 damage)
             ... on level 2 of the Orcish Mines.
             The game lasted 00:38:23 (17668 turns).

Peloso the Fencer (Minotaur Fighter)               Turns: 17668, Time: 00:38:24

Health: -19/132    AC: 21    Str: 29    XL:     14   Next: 12%
Magic:  13/13      EV: 10    Int:  5    God:    Okawaru [*****.]
Gold:   1348       SH:  7    Dex: 16    Spells: 13/13 levels left

rFire   + . .        a - +11 scimitar of Misery {venom, rC+ Str+3}
rCold   + + .        d - +0 buckler
rNeg    . . .        k - +2 chain mail of Wu Jian's Envy {rC+ Will+}
rPois   .            (helmet restricted)
rElec   +            (no cloak)
rCorr   .            A - +1 pair of gloves "Atukur" {rElec Regen+}
SInv    .            (no boots)
Will    ++...        N - amulet of regeneration Stlth
                     h - +4 ring of protection
HPRegen 2.02/turn    Q - ring "Haku" {rF+ Str+4 Dex+4}
MPRegen 0.13/turn

%: no passive effects
@: lethally poisoned (-19 -> -22), about to teleport, grasped by roots,
constricted
A: horns 2, retaliatory headbutt, low MP 1, weak 1
a: Renounce Religion, Heroism, Finesse, Duel


You were on level 2 of the Orcish Mines.
You worshipped Okawaru.
Okawaru was extremely pleased with you.
You visited 4 branches of the dungeon, and saw 18 of its levels.
You also visited: Gauntlet and Ice Cave.

You collected 1836 gold pieces.
You spent 488 gold pieces at shops.

Inventory:

Hand Weapons
 a - the +11 scimitar of Misery (weapon) {venom, rC+ Str+3}
   (You found it on level 2 of the Lair of Beasts)

   Str:       It affects your strength (+3).
   rC:        It protects you from cold.
 b - a +1 double sword of flaming
 c - a +1 double sword of pain
 E - the +7 scimitar of Vappoupp {antimagic, rElec Str+3 SInv}
   (You found it in a Gauntlet)

   Str:       It affects your strength (+3).
   rElec:     It insulates you from electricity.
   SInv:      It lets you see invisible.
Missiles
 G - a throwing net (quivered)
Armour
 d - a +0 buckler (worn)
 k - the +2 chain mail of Wu Jian's Envy (worn) {rC+ Will+}
   (You found it on level 4 of the Dungeon)

   rC:        It protects you from cold.
   Will:      It increases your willpower.
 p - a +0 pair of gloves
 A - the +1 pair of gloves "Atukur" (worn) {rElec Regen+}
   (You found it in a Gauntlet)

   rElec:     It insulates you from electricity.
   Regen:     It increases your rate of health regeneration.
 M - a +2 pair of gloves of hurling
 P - the +2 cloak "Oquhoeb" {-Cast *Corrode rElec Str+6}
   (Okawaru gifted it to you on level 2 of the Lair of Beasts)

   Str:       It affects your strength (+6).
   rElec:     It insulates you from electricity.
   -Cast:     It prevents spellcasting.
   *Corrode:  It may corrode you when you take damage.
 T - the +2 chain mail of Indemnity {rPois Int-3 Dex+3 SInv}
   (You bought it in a shop on level 1 of the Orcish Mines)

   Int:       It affects your intelligence (-3).
   Dex:       It affects your dexterity (+3).
   rPois:     It protects you from poison.
   SInv:      It lets you see invisible.
Jewellery
 h - a +4 ring of protection (left hand)
 z - a ring of flight
 C - a ring of fire
 F - a +5 ring of evasion
 J - an amulet of reflection
 N - an amulet of regeneration (around neck)
 Q - the ring "Haku" (right hand) {rF+ Str+4 Dex+4}
   (You found it on level 3 of the Lair of Beasts)

   [ring of protection from fire]

   Str:       It affects your strength (+4).
   Dex:       It affects your dexterity (+4).
   rF:        It protects you from fire.
 R - a +4 ring of protection
 U - a ring of positive energy
 V - an amulet of guardian spirit
Wands
 y - a wand of flame (23)
 D - a wand of roots (1)
Scrolls
 e - 7 scrolls of fear
 g - 2 scrolls of immolation
 j - a scroll of brand weapon
 o - 2 scrolls of silence
 q - 2 scrolls of amnesia
 t - a scroll of fog
 u - 3 scrolls of blinking
 w - 7 scrolls of teleportation
 x - a scroll of magic mapping
 H - a scroll of summoning
 I - a scroll of enchant armour
 K - a scroll of poison
Potions
 f - 7 potions of heal wounds
 i - 4 potions of mutation
 l - 2 potions of curing
 m - 2 potions of resistance
 n - 2 potions of haste
 r - 2 potions of berserk rage
 s - 2 potions of might
 v - a potion of brilliance
 B - 4 potions of flight
Miscellaneous
 O - a lightning rod (4/4)


   Skills:
 + Level 14.2 Fighting
 + Level 16.3 Long Blades
 + Level 3.1 Staves
 + Level 14.2 Armour
 + Level 7.2 Dodging
 + Level 1.8 Stealth
 + Level 12.6 Shields
 + Level 2.1 Invocations
 + Level 2.2 Evocations


You had 13 spell levels left.
You didn't know any spells.
Your spell library contained the following spells:

 Spells                   Type           Power      Damage    Failure   Level
 Apportation              Tloc           0%         N/A       86%         1
 Freeze                   Ice            0%         1d3       86%         1
 Magic Dart               Conj           0%         1d3       86%         1
 Necrotise                Necr           0%         1d4       86%         1
 Sublimation of Blood     Necr           0%         N/A       95%         2
 Mephitic Cloud           Conj/Pois/Air  0%         N/A       99%         3
 Ozocubu's Armour         Ice            0%         N/A       99%         3
 Spider Form              Tmut/Pois      0%         N/A       99%         3
 Stone Arrow              Conj/Erth      0%         3d7       99%         3
 Volatile Blastmotes      Fire/Tloc      0%         2d10      99%         3
 Fulminant Prism          Conj/Hex       0%         3d5       100%        4
 Iskenderun's Mystic Bla  Conj/Tloc      0%         2d3       100%        4
 Lee's Rapid Deconstruct  Erth           0%         3d4*      100%        5
 Borgnjor's Revivificati  Necr           0%         N/A       100%        8
 Lehudib's Crystal Spear  Conj/Erth      0%         10d2      100%        8
 Necromutation            Tmut/Necr      0%         N/A       100%        8
 Death's Door             Necr           0%         N/A       100%        9
 Summon Small Mammal      Summ           Unusable   N/A       N/A         1
 Call Imp                 Summ           Unusable   N/A       N/A         2
 Animate Armour           Summ/Erth      Unusable   N/A       N/A         4
 Summon Ice Beast         Ice/Summ       Unusable   N/A       N/A         4
 Death Channel            Necr           Unusable   N/A       N/A         6

Dungeon Overview and Level Annotations

Branches:
Dungeon (12/15)            Temple (1/1) D:6            Lair (3/5) D:10
  Swamp (0/4) Lair:3        Snake (0/4) Lair:3          Orc (2/2) D:10
    Elf (0/3) Orc:2         IceCv (visited)         Gauntlet (visited)

Altars:
Ashenzari
Cheibriados
Dithmenos
Elyvilon
Fedhas
Gozag
Hepliaklqana
Kikubaaqudgha
Makhleb
Nemelex Xobeh
Okawaru
Qazlal
Ru
Sif Muna
Trog
Uskayaw
Vehumet
Wu Jian
Xom
Yredelemnul
Zin
The Shining One

Shops:
D:8 *   Orc:1 [:   Orc:2 ?[

Portals:
Trove: D:11 (give 6 scrolls of blinking)

Annotations:
Orc:2 Jorgrun, Urug


Innate Abilities, Weirdness & Mutations

You have a pair of horns on your head.
You reflexively headbutt those who attack you in melee.
Your magical capacity is low. (-10% MP)
You are weak. (Str -2)


Message History

The orc warlord looks even sicker.
The orc warlord hits you with a +0 broad axe!
You block Urug's attack.
An orc warrior comes into view. It is wielding a +0 halberd.
The orc knight is engulfed in poison gas.
The orc knight looks even sicker.
The orc high priest is engulfed in poison gas.
The orc high priest is poisoned.
As you read the scroll of teleportation, it crumbles to dust.
You feel strangely unstable. Jorgrun gestures at you while chanting.
The iron shot hits you!! The grasping roots constrict you!
* * * LOW HITPOINT WARNING * * *
You block the troll's attack. x2; The troll claws you but does no damage.
The orc warlord is engulfed in poison gas.
The orc warlord looks even sicker.
Urug hits you from afar with a +0 demon trident of venom!!
* * * LOW HITPOINT WARNING * * *
You are poisoned.
The orc knight is poisoned.
The orc warrior hits you with a +0 flail!
* * * LOW HITPOINT WARNING * * *
The orc high priest looks even sicker.
The orc knight is engulfed in poison gas.
The orc knight looks even sicker.
An orc warrior comes into view. It is wielding a +0 short sword.
You feel much better.
You feel very sick.
Jorgrun hits you with a +0 heavy quarterstaff!
* * * LOW HITPOINT WARNING * * *
The grasping roots constrict you!
* * * LOW HITPOINT WARNING * * *
You block the troll's attack. The troll barely misses you.
The troll claws you but does no damage.
The orc knight looks even sicker.
The orc high priest is engulfed in poison gas.
The orc high priest looks even sicker.
The orc warlord is engulfed in poison gas.
The orc warlord looks as sick as possible!
The orc warlord hits you with a +0 broad axe!!
You die...

##...# *##*∩,** *,,,,,* *
##o####§##,,,***8,,,8***
#§§§##§§§##,,,**,,,,,**,
**##§oo#§§{§§#*,,,*,,,,,*,,
##.#§§§o§§§§§§#**,,,,,,,,,,,
#...§§§§§o§§§#####.,,,,,,,,*
#...§§§§§§§§§o§8o§o,,,,,,,,,
##..#§#§§§go§oo§§§§,,,,,,,,,
#...#§§§§§@oooo§ooo,,_,,,,,
##.###§§§§oToo§Too,,,,,,,,,
##*#§§§§§§§.§8§§.,,,,,,,,,
#§§§§§§§§#####§,,,,,,,,*
##§§§§§§o§***,,,,,,,,,,,
###§#§.§§#*,,,*,,,,,*,,
*#§§§§###,,,**,,,,,**,
*§§§§##*,,,***8,,,8***
*,,,,* *∩,**,*,,,,,*,*


You could see Jorgrun, an orc warlord (strong, extremely poisoned), 2 orc
knights, Urug (strong), an orc high priest (strong, very poisoned), 2 trolls, 6
orc warriors, an orc priest (strong), 2 orc wizards and 9 orcs.

Vanquished Creatures
  Gastronok (D:10)
  A cacodemon (Gauntlet)
  A minotaur (Gauntlet)
  Snorg (D:12)
  Josephine (D:11)
  Erolcha (D:11)
  3 hydras
  A boulder beetle (D:12)
  2 two-headed ogres
  A death yak (Lair:1)
  3 centaur warriors
  Sonja (Orc:1)
  Nergalle (Lair:3)
  3 sixfirhies (Gauntlet)
  A skyshark (Lair:2)
  The ghost of purpleHaze the Trooper, a novice OgNe of Wu Jian (D:6)
  A wolf spider (D:12)
  4 cyclopes
  A manticore (D:11)
  An orc sorcerer (Orc:2)
  15 elephants
  5 black mambas
  4 ugly things
  A torpor snail (Lair:1)
  3 ice statues (IceCv)
  4 cane toads
  A gargoyle (D:12)
  2 rime drakes
  Psyche (D:11)
  6 komodo dragons
  A freezing wraith (IceCv)
  2 unseen horrors
  An anaconda simulacrum (IceCv)
  An efreet (D:12)
  5 trolls
  4 hornets
  Grinder (D:6)
  5 wraiths
  Sigmund (D:2)
  3 slime creatures (D:12)
  3 wyverns
  25 yaks
  A dire elephant simulacrum (IceCv)
  2 shadows
  A basilisk (Lair:1)
  2 death yak simulacra (IceCv)
  5 vampire mosquitoes (Lair:3)
  3 neqoxecs (Gauntlet)
  A warg (Orc:2)
  4 acid dragons
  A naga (Lair:3)
  6 water moccasins
  Duvessa (D:4)
  3 sky beasts
  10 orc warriors
  4 ice beasts
  5 ogres
  4 wolves (Lair:2)
  6 centaurs
  2 phantoms
  7 bullfrogs
  A gnoll sergeant (D:12)
  3 scorpions
  2 cane toad simulacra (IceCv)
  19 wights
  Dowan (D:4)
  2 elephant simulacra (IceCv)
  6 howler monkeys
  3 electric eels (D:10)
  3 hounds
  3 jellies
  Crazy Yiuf (D:2)
  10 orc priests
  A gnoll bouda (D:7)
  5 iguanas
  2 sleepcaps
  16 orc wizards
  15 gnolls
  2 river rats (Lair:2)
  9 adders
  A shadow imp (D:5)
  4 white imps
  A worm (D:2)
  A dart slug (D:2)
  65 orcs
  8 ball pythons
  6 endoplasms
  A giant cockroach (D:2)
  A goblin (D:4)
  6 hobgoblins
  2 jackals (D:4)
  7 kobolds
  7 quokkas
  7 bats
  7 frilled lizards
  4 rats
424 creatures vanquished.

Vanquished Creatures (others)
  A warg (Orc:2)
1 creature vanquished.

Grand Total: 425 creatures vanquished

Notes
Turn   | Place    | Note
-------+----------+-------------------------------------------
     0 | D:1      | Peloso the Minotaur Fighter began the quest for the Orb.
     0 | D:1      | Reached XP level 1. HP: 19/19 MP: 0/0
   324 | D:1      | Reached XP level 2. HP: 27/27 MP: 1/1
   800 | D:2      | Reached XP level 3. HP: 33/33 MP: 2/2
   900 | D:2      | Reached skill level 3 in Long Blades
   961 | D:2      | Found a faded altar of an unknown god.
  1047 | D:2      | Reached skill level 1 in Dodging
  1060 | D:2      | Reached XP level 4. HP: 11/40 MP: 3/3
  1572 | D:2      | Found a runed translucent door.
  1573 | D:2      | Noticed Crazy Yiuf
  1627 | D:2      | Noticed Sigmund
  1638 | D:2      | Killed Sigmund
  1639 | D:2      | Reached skill level 5 in Long Blades
  1639 | D:2      | Reached XP level 5. HP: 46/47 MP: 4/4
  1955 | D:3      | Reached XP level 6. HP: 52/53 MP: 5/5
  2069 | D:3      | Reached skill level 5 in Armour
  2282 | D:3      | Identified the +0 leather armour of Cuqokhe Heow {Dex+5}
  2725 | D:4      | Reached skill level 6 in Long Blades
  2756 | D:4      | Reached XP level 7. HP: 22/60 MP: 6/6
  2758 | D:4      | Noticed Dowan
  2759 | D:4      | Noticed Duvessa
  2761 | D:4      | Identified the +2 chain mail of Wu Jian's Envy {rC+ Will+}
  2837 | D:4      | Killed Duvessa
  2838 | D:4      | Reached skill level 5 in Fighting
  2844 | D:4      | Killed Dowan
  3072 | D:4      | Reached skill level 5 in Shields
  3105 | D:4      | Reached skill level 7 in Long Blades
  3345 | D:4      | Found a basalt altar of Yredelemnul.
  3473 | D:5      | Entered Level 5 of the Dungeon
  3856 | D:5      | Reached XP level 8. HP: 37/69 MP: 7/7
  4359 | D:6      | You fall into a shaft and drop 2 floors!
  4506 | D:6      | Found a staircase to the Ecumenical Temple.
  4513 | D:6      | Reached skill level 8 in Long Blades
  4520 | D:6      | Reached skill level 1 in Stealth
  4529 | Temple   | Entered the Ecumenical Temple
  4529 | Temple   | Found a transporter.
  4529 | Temple   | Found a transporter.
  4543 | Temple   | Found a transporter.
  4543 | Temple   | Found a transporter.
  4564 | Temple   | Became a worshipper of Warmaster Okawaru
  4813 | D:6      | Reached * piety under Okawaru
  4878 | D:6      | Reached skill level 9 in Long Blades
  4878 | D:6      | Reached XP level 9. HP: 40/78 MP: 8/8
  5024 | D:6      | Found a runed translucent gate.
  5024 | D:6      | Noticed purpleHaze's ghost (novice OgNe)
  5025 | D:6      | Found a runed translucent gate.
  5026 | D:6      | Noticed a two-headed ogre
  5027 | D:6      | Found a runed translucent gate.
  5036 | D:6      | Noticed Grinder
  5045 | D:6      | Killed Grinder
  5045 | D:6      | Reached ** piety under Okawaru
  6045 | D:7      | Reached skill level 10 in Long Blades
  6443 | D:7      | Reached *** piety under Okawaru
  6918 | D:8      | Found Aghocax's Island Escapes.
  6979 | D:8      | Found a radiant altar of Vehumet.
  6980 | D:8      | Noticed a centaur warrior
  6987 | D:8      | Found a white marble altar of Elyvilon.
  6992 | D:8      | Killed a centaur warrior
  6993 | D:8      | Reached skill level 11 in Long Blades
  6993 | D:8      | Reached skill level 10 in Armour
  6993 | D:8      | Reached XP level 10. HP: 62/88 MP: 6/9
  7071 | D:8      | Found a stormy altar of Qazlal.
  7074 | D:8      | Found a sparkling altar of Nemelex Xobeh.
  7080 | D:8      | Found a snail-covered altar of Cheibriados.
  7559 | D:9      | Reached **** piety under Okawaru
  8395 | D:10     | Entered Level 10 of the Dungeon
  8416 | D:10     | Found a staircase to the Orcish Mines.
  8545 | D:10     | Noticed a centaur warrior
  8554 | D:10     | Killed a centaur warrior
  8554 | D:10     | Reached ***** piety under Okawaru
  8555 | D:10     | Reached skill level 12 in Long Blades
  8892 | D:10     | Found a sacrificial altar of Ru.
  9296 | D:10     | Reached XP level 11. HP: 70/97 MP: 10/10
  9408 | D:10     | Found a staircase to the Lair.
  9550 | D:10     | Noticed Gastronok
  9574 | D:10     | Killed Gastronok
  9575 | D:10     | Reached skill level 5 in Dodging
  9575 | D:10     | Reached skill level 1 in Evocations
  9744 | D:11     | Noticed Erolcha
  9768 | D:11     | Killed Erolcha
  9931 | D:11     | Received a gift from Okawaru
 10000 | D:11     | Noticed Josephine
 10019 | D:11     | Killed Josephine
 10020 | D:11     | Reached skill level 13 in Long Blades
 10244 | D:11     | Found a portal to a secret trove of treasure.
 10251 | D:11     | Reached skill level 10 in Fighting
 10567 | D:11     | Noticed Psyche
 10575 | D:11     | Killed Psyche
 11032 | D:8      | Bought a scroll of blinking for 82 gold pieces
 11032 | D:8      | Bought a scroll of blinking for 82 gold pieces
 11032 | D:8      | Bought a potion of flight for 33 gold pieces
 11032 | D:8      | Bought a scroll of fog for 44 gold pieces
 11146 | D:2      | Killed Crazy Yiuf
 11254 | D:6      | Killed a two-headed ogre
 11290 | D:6      | Killed purpleHaze's ghost
 11473 | Lair:1   | Entered Level 1 of the Lair of Beasts
 11489 | Lair:1   | You are sucked into a shaft and drop 1 floor!
 11516 | Lair:2   | Reached skill level 1 in Invocations
 11548 | Lair:2   | Reached XP level 12. HP: 84/108 MP: 11/11
 11549 | Lair:2   | Reached skill level 14 in Long Blades
 11569 | Lair:2   | Found a frozen archway.
 11570 | Lair:2   | Identified the +11 scimitar of Misery {venom, rC+ Str+3}
 11585 | IceCv    | Entered an ice cave
 12041 | IceCv    | Got the Omnibus of the Deep Freeze
 12102 | Lair:2   | Identified the +2 cloak "Oquhoeb" {-Cast *Corrode rElec
                  | Str+6} (Okawaru gifted it to you on level 2 of the Lair of
                  | Beasts)
 12102 | Lair:2   | Received a gift from Okawaru
 12181 | Lair:2   | Noticed a four-headed hydra
 12201 | Lair:2   | Killed a four-headed hydra
 12683 | Lair:2   | Reached skill level 15 in Long Blades
 12786 | Lair:2   | Reached skill level 10 in Shields
 13207 | Lair:1   | Noticed a death yak
 13240 | Lair:1   | Killed a death yak
 13240 | Lair:1   | Reached ****** piety under Okawaru
 13345 | Lair:1   | Noticed a six-headed hydra
 13370 | Lair:1   | Killed a six-headed hydra
 13371 | Lair:1   | Reached skill level 1 in Staves
 13371 | Lair:1   | Reached XP level 13. HP: 41/119 MP: 13/13
 13410 | Lair:1   | Received a gift from Okawaru
 13933 | Lair:3   | Found a staircase to the Snake Pit.
 13957 | Lair:3   | Found a staircase to the Swamp.
 14003 | Lair:3   | Noticed Nergalle
 14015 | Lair:3   | Killed Nergalle
 14327 | Lair:3   | Identified the ring "Haku" {rF+ Str+4 Dex+4}
 14357 | Lair:3   | Received a gift from Okawaru
 15133 | D:12     | Reached skill level 16 in Long Blades
 15376 | D:12     | Noticed Snorg
 15391 | D:12     | Killed Snorg
 15577 | Orc:1    | Entered Level 1 of the Orcish Mines
 15582 | Orc:1    | Found Ischutuo's Vocational Training.
 15591 | Orc:1    | Noticed Sonja
 15615 | Orc:1    | Killed Sonja
 15853 | Orc:1    | Found Etia's Antique Armour Shop.
 15862 | Orc:1    | Bought a heavily runed chain mail for 247 gold pieces
 15862 | Orc:1    | Identified the +2 chain mail of Indemnity {rPois Int-3
                  | Dex+3 SInv} (You bought it in a shop on level 1 of the
                  | Orcish Mines)
 16173 | Orc:2    | Entered Level 2 of the Orcish Mines
 16203 | Orc:2    | Found Icuvua Jyqoi's Antique Armour Shop.
 16227 | Orc:2    | Found Lois's Magic Scroll Boutique.
 16237 | Orc:2    | Found a staircase to the Elven Halls.
 16251 | Orc:2    | Noticed Jorgrun
 16256 | Orc:2    | Found a gate leading to a gauntlet.
 16261 | Orc:2    | Noticed Urug
 16265 | Orc:2    | Noticed an orc warlord
 16274 | Gauntlet | Entered a Gauntlet
 16274 | Gauntlet | Found a transporter.
 16274 | Gauntlet | Found a transporter.
 16278 | Gauntlet | Found a transporter.
 16278 | Gauntlet | Found a transporter.
 16281 | Gauntlet | Found a transporter.
 16301 | Gauntlet | Found a transporter.
 16305 | Gauntlet | Found a transporter.
 16348 | Gauntlet | Found a transporter.
 16351 | Gauntlet | Found a transporter.
 16351 | Gauntlet | Found a transporter.
 16354 | Gauntlet | Noticed a cacodemon
 16367 | Gauntlet | Found a transporter.
 16382 | Gauntlet | Found a transporter.
 16400 | Gauntlet | Noticed a minotaur
 16406 | Gauntlet | Found a transporter.
 16410 | Gauntlet | Found a transporter.
 16559 | Gauntlet | Reached XP level 14. HP: 129/130 MP: 14/14
 17296 | Gauntlet | Gained mutation: You are weak. (Str -2) [a neqoxec]
 17307 | Gauntlet | Gained mutation: Your magical capacity is low. (-10% MP) [a
                  | cacodemon]
 17337 | Gauntlet | Killed a cacodemon
 17386 | Gauntlet | Received a gift from Okawaru
 17393 | Gauntlet | Identified the +1 pair of gloves "Atukur" {rElec Regen+}
 17398 | Gauntlet | Identified the +7 scimitar of Vappoupp {antimagic, rElec
                  | Str+3 SInv}
 17554 | Gauntlet | Got the Octavo of Undead Changing
 17668 | Orc:2    | Demolished by an orc warlord

Illustrated notes

Levels and vault maps discovered:
D:1:      saegor_arrival_simple_e, layout_loops_ring
D:2:      layout_basic, shapermc_ecumenical_altar_notcrosses,
          uniq_crazy_yiuf_cottage, uniq_sigmund
D:3:      layout_rooms, minmay_surrounded
D:4:      layout_basic, mainiacjoe_overflow_alcove_4, uniq_duvessa
D:5:      layout_cave_pools, kennysheep_path_1
D:6:      layout_layer_cave, minmay_temple_entry_waves, gammafunk_ghost_split,
          uniq_grinder
D:7:      layout_gridville
D:8:      layout_rooms, grunt_temple_overflow_open, nicolae_island_escapes
D:9:      layout_roguey
D:10:     layout_loops_cross, nicolae_ru_sacrificial_ziggurat, lair_entry_dummy,
          david_orc_2, serial_park_tiny_pond, kennysheep_cluttered_room,
          kennysheep_boxes, uniq_gastronok
D:11:     layout_loops_corners, nicolae_trove_entry_crossroad, uniq_erolcha,
          uniq_psyche, uniq_josephine
D:12:     minmay_tri_box, layout_loops_ring, minivault_25_ag, corner_web_ring,
          grunt_ministairs_8, uniq_snorg, uniq_lodul, uniq_maurice
Temple:   hellmonk_temple_divided_pantheon
Lair:1:   layout_layer_cave, grunt_megastairs_4
Lair:2:   layout_regular_city, portal_ice_cave_entry_pillars_1, pond
Lair:3:   layout_roguey, minmay_swamp_entry_swarm, guppyfry_snake_entry_garden,
          chequers_serial_rivers_marsh, serial_bayou_shore_a, uniq_nergalle
Orc:1:    layout_diamond_mine, basic_altar, serial_shops,
          nicolae_shop_advertising_works [nicolae_subvault_shop_adworks],
          nicolae_shop_vocational, uniq_sonja
Orc:2:    grunt_orc_cross, layout_diamond_mine, serial_shops,
          nicolae_shop_trees, shop, nicolae_square_shop, gauntlet_entry_generic,
          basic_altar, uniq_jorgrun, uniq_azrael

Skill      XL: |  1  2  3  4  5  6  7  8  9 10 11 12 13 14 |
---------------+-------------------------------------------+-----
Shields        | 4 5 6 7 9 10 12 | 12.6
Fighting       | 4 5 6 7 9 10 12 13 14 | 14.2
Armour         | 4 5 6 8 10 11 12 13 14 | 14.2
Long Blades    | 3 5 6 7 9 11 12 13 15 16 | 16.3
Dodging        | 1 2 3 4 5 6 7 |  7.2
Stealth        | 1 |  1.8
Evocations     | 2 |  2.2
Invocations    | 1 2 |  2.1
Staves         | 1 3 |  3.1

Action                     |  1- 3 |  4- 6 |  7- 9 | 10-12 | 13-15 || total
---------------------------+-------+-------+-------+-------+-------++-------
  Melee: Long sword        |   113 |   115 |   139 |       |       ||   367
         Headbutt          |    10 |    23 |    62 |   160 |    87 ||   342
         Scimitar          |       |       |   160 |   561 |   405 ||  1126
         Staff             |       |       |       |    37 |    14 ||    51
 Invoke: Heroism           |       |       |     1 |     7 |     7 ||    15
  Evoke: Wand              |       |       |       |    12 |       ||    12
    Use: Potion            |     3 |       |     1 |     1 |     9 ||    14
         Scroll            |       |     3 |    10 |     4 |     9 ||    26
 Armour: Scale mail        |    28 |       |       |       |       ||    28
         Chain mail        |    29 |    72 |   159 |   347 |   244 ||   851
  Dodge: Dodged            |    36 |    67 |   127 |   271 |   202 ||   703
  Block: Buckler           |    34 |    29 |    67 |   168 |   172 ||   470
